 Dungeon Crawl Stone Soup version 0.28-a0-730-g892d06dc2c (webtiles) character file.

Game seed: 10443334919558284899

9032 pascalblue the Destroyer (level 11, -20/54 HPs)
             Began as a Deep Elf Conjurer on Oct 27, 2021.
             Was a Believer of Vehumet.
             Demolished by a boulder beetle (32 damage)
             ... on level 10 of the Dungeon on Oct 28, 2021.
             The game lasted 00:50:14 (12041 turns).

pascalblue the Destroyer (Deep Elf Conjurer)       Turns: 12041, Time: 00:50:15

Health: -20/54     AC:  4    Str:  4    XL:     11   Next: 17%
Magic:  3/27       EV: 13    Int: 36    God:    Vehumet [**....]
Gold:   599        SH:  0    Dex: 19    Spells: 1/31 levels left

rFire   . . .      SeeInvis .   i - staff of conjuration
rCold   . . .      Faith    .   (no shield)
rNeg    . . .      Spirit   .   (no armour)
rPois   .          Reflect  .   y - +2 hat
rElec   .          Harm     .   n - +0 cloak
rCorr   .          Rampage  .   j - +0 pair of gloves {Stlth+}
Will    +....                   (no boots)
Stlth   ++++......              (no amulet)
HPRegen 0.18/turn               k - ring of Bomup {Int+3 Dex+6 Stlth+}
MPRegen 0.20/turn               p - +6 ring of intelligence

@: no status effects
A: no striking features
a: Renounce Religion


You were on level 10 of the Dungeon.
You worshipped Vehumet.
Vehumet was pleased with you.
You visited 2 branches of the dungeon, and saw 11 of its levels.

You collected 1372 gold pieces.
You spent 773 gold pieces at shops.

Inventory:

Hand Weapons
 d - a +2 dagger of distortion
 o - the +10 mace of a ziggurat {freeze, Will- rCorr Str+4 Int+3}
   (You found it on level 4 of the Dungeon)

   It freezes those it strikes, dealing additional cold damage.
   It can also slow down cold-blooded creatures.
   Str:       It affects your strength (+4).
   Int:       It affects your intelligence (+3).
   rCorr:     It protects you from acid and corrosion.
   Will:      It decreases your willpower.
 E - the +10 trident of Ancient Evil {speed, rElec Dex+3}
   (You took it off an orc on level 10 of the Dungeon)

   Attacks with this weapon are significantly faster.
   Dex:       It affects your dexterity (+3).
   rElec:     It insulates you from electricity.
Missiles
 x - 14 poisoned darts
Armour
 a - a +0 robe
 c - +0 steam dragon scales
 j - a +0 pair of gloves of stealth (worn)
 n - a +0 cloak (worn)
 v - a +0 robe of fire resistance
 y - a +2 hat (worn)
Magical Staves
 i - a staff of conjuration (weapon)
Jewellery
 h - a ring of protection from fire
 k - the ring of Bomup (left hand) {Int+3 Dex+6 Stlth+}
   (You acquired it on level 3 of the Dungeon)

   [ring of dexterity]

   Int:       It affects your intelligence (+3).
   Dex:       It affects your dexterity (+6).
   Stlth:     It makes you more stealthy.
 p - a +6 ring of intelligence (right hand)
 u - a ring of protection from cold
 z - a ring of positive energy
 B - a +6 ring of dexterity
Wands
 s - a wand of acid (23)
Scrolls
 t - 2 scrolls of fog
 w - a scroll of magic mapping
 A - 3 scrolls of identify
 C - 2 scrolls of vulnerability
 D - 2 scrolls of noise
Potions
 b - a potion of cancellation
 e - 2 potions of might
 f - 3 potions of haste
 g - 3 potions of degeneration
 l - 3 potions of flight
 m - a potion of attraction
 q - a potion of lignification
 r - a potion of resistance


   Skills:
 - Level 2.4 Dodging
 - Level 2.4 Stealth
 + Level 10.6 Spellcasting
 + Level 12.3 Conjurations
 + Level 8.8 Hexes
 - Level 6.2 Necromancy
 + Level 7.3 Translocations
 - Level 4.0 Fire Magic


You had one spell level left.
You knew the following spells:

 Your Spells              Type           Power      Damage    Failure   Level
a - Magic Dart            Conj           100%       1d8       0%          1
b - Searing Ray           Conj           100%       2d8       1%          2
c - Fulminant Prism       Conj/Hex       48%        3d21      1%          4
d - Iskenderun's Mystic   Conj/Tloc      94%        2d18      1%          4
e - Dazzling Flash        Conj/Hex       100%       N/A       1%          3
f - Vampiric Draining     Necr           29%        2d10      1%          3
g - Foxfire               Conj/Fire      100%       2x1d9     1%          1
h - Conjure Flame         Conj/Fire      86%        6-21      1%          3
i - Flame Wave            Conj/Fire      86%        3d14      1%          4
j - Teleport Other        Tloc           64%        N/A       1%          3
k - Blink                 Tloc           100%       N/A       1%          2

Your spell library contained the following spells:

 Spells                   Type           Power      Damage    Failure   Level
 Ignite Poison            Fire/Tmut/Pois 28%        N/A       3%          3
 Corpse Rot               Necr/Air       82%        N/A       1%          2
 Slow                     Hex            70%        N/A       1%          2
 Confusing Touch          Hex            70%        N/A       1%          3
 Inner Flame              Hex/Fire       60%        N/A       1%          3
 Lesser Beckoning         Tloc           64%        N/A       1%          3
 Portal Projectile        Hex/Tloc       100%       N/A       1%          3
 Animate Dead             Necr           29%        N/A       1%          4
 Dispel Undead            Necr           59%        3d21      1%          4
 Manifold Assault         Tloc           64%        N/A       3%          5
 Agony                    Necr           59%        N/A       4%          5
 Silence                  Hex/Air        25%        N/A       10%         5
 Yara's Violent Unravell  Hex/Tmut       25%        3d11      10%         5
 Dispersal                Tloc           32%        N/A       17%         6
 Haunt                    Necr/Summ      20%        N/A       99%         7
 Disjunction              Tloc           32%        N/A       100%        8
 Infestation              Necr           29%        N/A       100%        8


Dungeon Overview and Level Annotations

Branches:
Dungeon (10/15)            Temple (1/1) D:6            Lair (0/6) D:9
    Orc: D:9-12

Altars:
Ashenzari
Cheibriados
Dithmenos
Elyvilon
Fedhas
Hepliaklqana
Kikubaaqudgha
Okawaru
Qazlal
Sif Muna
Trog
Vehumet
Wu Jian
Xom
Yredelemnul
Zin

Shops:
D:4 (   D:10 ??:

Portals:
Trove: D:10 (give +5 demon blade)


Message History

The boulder beetle is knocked back by the mystic blast.
The boulder beetle curls into a ball and begins rolling!
Casting: Iskenderun's Mystic Blast (safe; 1% risk of failure)
Confirm with . or Enter, or press ? or * to list all spells.
Aiming: Searing Ray (safe; 1% risk of failure)
Press: ? - help, Shift-Dir - straight line, f/p - boulder beetle
Aim: a boulder beetle (severely wounded, rolling, 100% to hit)
You feel a surge of power!
The searing ray hits the boulder beetle but does no damage.
The boulder beetle is severely wounded. (Press . to maintain the ray.)
The searing ray hits the boulder beetle but does no damage.
The boulder beetle is severely wounded.
Casting: Searing Ray (safe; 1% risk of failure)
Confirm with . or Enter, or press ? or * to list all spells.
You feel a surge of power!
You erupt in a blast of force!
The mystic blast hits the boulder beetle!
The boulder beetle is almost dead.
The boulder beetle is knocked back by the mystic blast.
Casting: Iskenderun's Mystic Blast (safe; 1% risk of failure)
Confirm with . or Enter, or press ? or * to list all spells.
Aiming: Searing Ray (safe; 1% risk of failure)
Press: ? - help, Shift-Dir - straight line, f/p - boulder beetle
Aim: a boulder beetle (almost dead, rolling, 100% to hit)
You feel a surge of power!
The searing ray hits the boulder beetle.
The boulder beetle is almost dead. (Press . to maintain the ray.)
Casting: Searing Ray (safe; 1% risk of failure)
Confirm with . or Enter, or press ? or * to list all spells.
You feel a surge of power!
You erupt in a blast of force!
The mystic blast hits the boulder beetle.
The boulder beetle is almost dead.
The boulder beetle is knocked back by the mystic blast.
Casting: Iskenderun's Mystic Blast (safe; 1% risk of failure)
Confirm with . or Enter, or press ? or * to list all spells.
You don't know that spell.
The boulder beetle hits you!!
Ouch! That really hurt!
You die...

...............
..#####..#
#............. ..#
#..# #.#.##.#.....##
..#
#..###.........∩...
..# #..##.......#.....
..# #..##.......#...#
..#
#........#..#...#.#.
..#
#)###...............
..#
#.........@B○°°.....
.##
#.###..#............
.# #.#
#..........##.#.
.######.####.........#
...............#.....#
#######.####.###.....#
#................
.................
........###.......


You could see a boulder beetle (rolling).

Vanquished Creatures
  Snorg (D:10)
  A vault guard (D:10)
  Maurice (D:10)
  A centaur zombie (D:10)
  Maggie (D:10)
  A meliai zombie (D:10)
  A spriggan (D:7)
  12 yaks
  2 wyverns (D:9)
  A wraith (D:9)
  A steam dragon (D:8)
  A vampire mosquito (D:8)
  Menkaure (D:6)
  A water moccasin (D:8)
  2 sky beasts
  3 orc warriors
  2 ogres (D:5)
  2 ice beasts (D:7)
  A black bear (D:8)
  5 necrophages
  2 centaurs
  A phantom (D:4)
  Blork the orc (D:6)
  3 kobold brigands
  A gnoll sergeant (D:10)
  A wyvern zombie (D:8)
  2 scorpions
  7 howler monkeys
  16 wights
  A bullfrog zombie (D:3)
  3 jellies (D:6)
  Crazy Yiuf (D:4)
  An orc priest (D:7)
  3 hounds
  A bullfrog skeleton (D:6)
  An iguana (D:4)
  4 orc wizards
  Natasha (thrice) (D:2)
  2 howler monkey zombies
  11 gnolls
  7 adders
  An ufetubus (D:5)
  3 adder skeletons
  2 worms
  2 dart slugs
  20 orcs
  5 ball pythons
  6 bats
  14 endoplasms
  4 goblins
  4 hobgoblins
  20 kobolds
  6 quokkas
  6 frilled lizards
  A quokka skeleton (D:4)
  5 rats
  6 fulminant prisms
218 creatures vanquished.

Vanquished Creatures (others)
  60 fulminant prisms
  5 withered plants (D:8)
65 creatures vanquished.

Grand Total: 283 creatures vanquished

Notes
Turn   | Place    | Note
-------+----------+-------------------------------------------
     0 | D:1      | pascalblue the Deep Elf Conjurer began the quest for the
                  | Orb.
     0 | D:1      | Reached XP level 1. HP: 10/10 MP: 6/6
   283 | D:1      | Reached XP level 2. HP: 15/15 MP: 5/8
   490 | D:1      | Found a faded altar of an unknown god.
   588 | D:1      | Reached skill level 5 in Conjurations
   848 | D:2      | Reached XP level 3. HP: 19/19 MP: 6/10
   888 | D:2      | Learned a level 2 spell: Searing Ray
  1274 | D:2      | Noticed Natasha
  1276 | D:2      | Killed Natasha
  1277 | D:2      | Reached XP level 4. HP: 24/24 MP: 8/12
  1332 | D:2      | Noticed Natasha
  1336 | D:2      | Killed Natasha
  1337 | D:2      | Reached skill level 6 in Conjurations
  1525 | D:2      | Noticed Natasha
  1529 | D:2      | Killed Natasha
  1686 | D:2      | Reached XP level 5. HP: 28/28 MP: 10/14
  2491 | D:3      | Reached skill level 5 in Spellcasting
  3052 | D:3      | Identified 3 scrolls of acquirement
  3052 | D:3      | Acquired 956 gold pieces
  3054 | D:3      | Acquired the ring of Bomup {Int+3 Dex+6 Stlth+}
  3056 | D:3      | Acquired a staff of conjuration
  3095 | D:4      | Reached skill level 7 in Conjurations
  3095 | D:4      | Reached XP level 6. HP: 32/32 MP: 10/16
  3676 | D:4      | Found a runed translucent door.
  3677 | D:4      | Noticed Crazy Yiuf
  3683 | D:4      | Killed Crazy Yiuf
  3693 | D:4      | Identified the +10 mace of a ziggurat {freeze, Will- rCorr
                  | Str+4 Int+3}
  3828 | D:4      | Learned a level 4 spell: Fulminant Prism
  3833 | D:4      | Learned a level 4 spell: Iskenderun's Mystic Blast
  3849 | D:4      | Reached skill level 1 in Hexes
  3935 | D:4      | Found Teutwuicaj's Antique Weapon Shop.
  3949 | D:4      | Reached skill level 1 in Translocations
  4151 | D:4      | Learned a level 3 spell: Dazzling Flash
  4190 | D:5      | Entered Level 5 of the Dungeon
  4202 | D:5      | Reached XP level 7. HP: 36/36 MP: 8/18
  4373 | D:5      | Reached skill level 8 in Conjurations
  5100 | D:5      | Learned a level 3 spell: Vampiric Draining
  5125 | D:6      | Found a staircase to the Ecumenical Temple.
  5298 | D:6      | Noticed Menkaure
  5303 | D:6      | Killed Menkaure
  5304 | D:6      | Reached skill level 1 in Necromancy
  5304 | D:6      | Reached XP level 8. HP: 7/41 MP: 14/20
  5562 | D:6      | Upgraded the game from 0.28-a0-726-g4a9143789a to
                  | 0.28-a0-730-g892d06dc2c
  5738 | D:6      | Reached skill level 9 in Conjurations
  5923 | D:6      | Noticed Blork the orc
  5926 | D:6      | Learned a level 1 spell: Foxfire
  5930 | D:6      | Learned a level 3 spell: Conjure Flame
  5941 | D:6      | Killed Blork the orc
  6349 | Temple   | Entered the Ecumenical Temple
  6395 | Temple   | Became a worshipper of Vehumet
  6712 | D:6      | Reached skill level 1 in Fire Magic
  7238 | D:7      | Reached XP level 9. HP: 45/45 MP: 16/22
  7254 | D:7      | Reached skill level 5 in Hexes
  7529 | D:7      | Reached skill level 10 in Conjurations
  8355 | D:8      | Reached * piety under Vehumet
  8355 | D:8      | Offered knowledge of Shock by Vehumet.
  8874 | D:8      | Reached skill level 5 in Translocations
  8942 | D:8      | Learned a level 4 spell: Flame Wave
  9101 | D:8      | Reached skill level 5 in Necromancy
  9470 | D:9      | Reached XP level 10. HP: 50/50 MP: 9/24
  9482 | D:9      | Reached skill level 11 in Conjurations
  9490 | D:9      | Found a staircase to the Lair.
  9801 | D:9      | Reached ** piety under Vehumet
  9908 | D:9      | Found an ancient bone altar of Kikubaaqudgha.
  9928 | D:9      | Offered knowledge of Scorch by Vehumet.
 10464 | D:10     | Entered Level 10 of the Dungeon
 10575 | D:10     | Noticed Maurice
 10579 | D:10     | Killed Maurice
 10590 | D:10     | Found Recw's Magic Scroll Shoppe.
 10599 | D:10     | Bought a scroll of acquirement for 676 gold pieces
 10599 | D:10     | Bought a scroll of blinking for 97 gold pieces
 10599 | D:10     | Acquired the Grimoire of Twisted Dark Arts
 10605 | D:10     | Learned a level 3 spell: Teleport Other
 10642 | D:10     | Noticed Snorg
 10653 | D:10     | Killed Snorg
 10654 | D:10     | Reached skill level 10 in Spellcasting
 10654 | D:10     | Reached skill level 12 in Conjurations
 10773 | D:10     | Identified the +10 trident of Ancient Evil {speed, rElec
                  | Dex+3}
 10892 | D:10     | Found Ihyeb's Magic Scroll Shop.
 10918 | D:10     | Noticed a vault guard
 10927 | D:10     | Killed a vault guard
 10928 | D:10     | Reached XP level 11. HP: 54/54 MP: 8/27
 10934 | D:10     | Found a portal to a secret trove of treasure.
 11192 | D:10     | Learned a level 2 spell: Blink
 11236 | D:10     | Offered knowledge of Ignite Poison by Vehumet.
 11384 | D:10     | Found Koil's Antique Armour Shop.
 11401 | D:10     | Noticed Maggie
 11704 | D:10     | Killed Maggie
 11707 | D:10     | Noticed a boulder beetle
 12017 | D:10     | Found Qiocvau's Book Shop.
 12041 | D:10     | Demolished by a boulder beetle

Illustrated notes

Levels and vault maps discovered:
D:1:      dpeg_arrival_pits, layout_basic, ebering_ecumenical_altar_abandoned
D:2:      layout_loops_ring, minmay_misc_feat_ornament, uniq_natasha
D:3:      minmay_general_purpose_star, layout_basic, lemuel_another_geyser
D:4:      layout_gridville, kennysheep_windowed_goal, uniq_crazy_yiuf_cottage
D:5:      layout_loops_cross
D:6:      layout_loops_cross, minmay_temple_entry_mini_moons, uniq_menkaure,
          uniq_blork_the_orc
D:7:      layout_basic, the_hattery
D:8:      layout_loops_ring, serial_undead, serial_undead_b, serial_undead_b,
          serial_undead_a, serial_undead_b, kennysheep_generic_room_10
D:9:      layout_cave_pools, mainiacjoe_overflow_catwalk, lair_entry_dummy
D:10:     layout_basic, enter_trove_5, serial_shops, shop_scrolls, shop, shop,
          shop_fountains, shop, uniq_snorg, uniq_maurice, uniq_maggie
Temple:   kilobyte_greek_temple

Skill      XL: |  1  2  3  4  5  6  7  8  9 10 11 |
---------------+----------------------------------+-----
Conjurations   | 5 6 7 8 9 10 12 | 12.3
Spellcasting   | 4 5 6 7 8 10 | 10.6
Hexes          | 2 3 4 6 8 |  8.8
Translocations | 1 2 4 5 6 7 |  7.3
Necromancy     | 1 3 5 6 |  6.2
Fire Magic     | 2 4 |  4.0
Dodging        | |  2.4
Stealth        | |  2.4

Action                   |  1- 3 |  4- 6 |  7- 9 | 10-12 || total
-------------------------+-------+-------+-------+-------++-------
Melee: Staff             |       |       |       |    12 ||    12
 Cast: Magic Dart        |    58 |   105 |    65 |    41 ||   269
       Searing Ray       |     1 |    12 |    38 |    27 ||    78
       Fulminant Prism   |       |       |    31 |    35 ||    66
       Iskenderun's Myst |       |       |       |     6 ||     6
       Dazzling Flash    |       |       |       |     1 ||     1
       Flame Wave        |       |       |       |     1 ||     1
       Blink             |       |       |       |     1 ||     1
  Use: Scroll            |     3 |    11 |    10 |     9 ||    33
       Potion            |       |       |     4 |       ||     4
Armor: Robe              |       |     4 |    14 |    10 ||    28
Dodge: Dodged            |     2 |    14 |    27 |    28 ||    71

Table legend: (Time is in decaauts)
 A = Elapsed time spent in this place.
 B = Non-inter-level travel time spent in this place.
 C = Inter-level travel time spent in this place.
 D = Time resting spent in this place.
 E = Time spent auto-exploring this place.
 F = Levels seen in this place.
 G = Mean time per level.
                   A        B        C        D        E       F      G
               +--------+--------+--------+--------+--------+-----+--------+
         Total |  12027 |  11746 |    281 |   2210 |   7977 |  11 | 1093.4 |
       Dungeon |  11950 |  11669 |    281 |   2210 |   7939 |  10 | 1195.0 |
        Temple |     76 |     76 |      0 |      0 |     38 |   1 |   76.0 |
               +--------+--------+--------+--------+--------+-----+--------+

Top non-repeatable levels by time:
     D:6: 1859 daAuts
    D:10: 1578 daAuts
     D:8: 1307 daAuts
     D:3: 1246 daAuts
     D:2: 1121 daAuts
     D:4: 1104 daAuts
     D:7: 1075 daAuts
     D:9: 1016 daAuts
     D:5: 922 daAuts
     D:1: 718 daAuts
  Temple: 76 daAuts
